 Dungeon Crawl Stone Soup version 0.28-a0-1206-g193881aaa2 (webtiles) character file.

Game seed: 11786676157176348083

83 gimp the Cudgeller (level 4, 0/28 HPs)
             Began as a Tengu Wanderer on Dec 21, 2021.
             Slain by a wyvern zombie (10 damage)
             ... on level 3 of the Dungeon.
             The game lasted 00:03:12 (1648 turns).

gimp the Cudgeller (Tengu Wanderer)                 Turns: 1648, Time: 00:03:12

Health: 0/28       AC:  6    Str: 17    XL:     4   Next: 44%
Magic:  5/5        EV: 11    Int:  8    God:
Gold:   79         SH:  0    Dex: 15    Spells: 3/3 levels left

rFire   . . .      SeeInvis .   a - +2 mace
rCold   . . .      Faith    .   (no shield)
rNeg    . . .      Spirit   .   d - +0 leather armour
rPois   .          Reflect  .   (helmet restricted)
rElec   .          Harm     .   g - +1 cloak
rCorr   .          Rampage  .   l - +0 pair of gloves
Will    .....                   (boots unavailable)
Stlth   +.........              (no amulet)
HPRegen 0.09/turn               (no ring)
MPRegen 0.09/turn               (no ring)

@: no status effects
A: beak, talons 3
a: no special abilities


You were on level 3 of the Dungeon.
You visited 1 branch of the dungeon, and saw 3 of its levels.

You collected 79 gold pieces.

Inventory:

Hand Weapons
 a - a +2 mace (weapon)
Missiles
 h - 11 poisoned darts
Armour
 d - a +0 leather armour (worn)
 g - a +1 cloak (worn)
 l - a +0 pair of gloves (worn)
Scrolls
 b - 2 scrolls of teleportation
 f - a scroll of enchant armour
 k - a scroll of immolation
 m - a scroll of torment {unknown}
Potions
 e - a potion of magic {unknown}
 j - a potion of brilliance {unknown}
Miscellaneous
 c - a piece from Xom's chessboard (12/15) (quivered)


   Skills:
 - Level 3.0 Fighting
 * Level 6.7 Maces & Flails
 - Level 1.0 Throwing
 + Level 0.0 Armour
 - Level 1.1 Dodging
 - Level 1.0 Evocations


You had 3 spell levels left.
You didn't know any spells.
Your spell library contained the following spells:

 Spells                   Type           Power      Damage    Failure   Level
 Corpse Rot               Necr/Air       0%         N/A       63%         2
 Conjure Flame            Conj/Fire      0%         6-21      85%         3
 Ignite Poison            Fire/Tmut/Pois 0%         N/A       85%         3
 Dispel Undead            Necr           0%         3d6       99%         4
 Sticky Flame             Conj/Fire      0%         2d3       99%         4
 Death Channel            Necr           0%         N/A       100%        6


Dungeon Overview and Level Annotations

Branches:
Dungeon (3/15)

Altars:

Annotations:
D:2 1 runed translucent door, Crazy Yiuf


Innate Abilities, Weirdness & Mutations

You have a beak for a mouth.
You have claws for feet.


Message History

No target in view!
No target in view!
Found a runed mace.
Crazy Yiuf shouts!
Things that are here:
a +0 club; a stone; a kobold corpse
Things that are here:
a +0 club; a stone; a kobold corpse Crazy Yiuf shouts!
Things that are here:
a +0 club; a stone; a kobold skeleton You see here 12 stones.
There is a stone staircase leading down here.
You climb downwards.
You hear the sound of rushing water.
There is an entrance to a sewer on this level.
Hurry and find it before the portal rusts away!
There is a stone staircase leading up here.
As you read the scroll labelled CAJUEN DACABB, it crumbles to dust.
It is a scroll of identify.
f - a scroll of enchant armour
As you read the scroll of identify, it crumbles to dust.
k - a scroll of immolation Unknown command.
You open the door.
There is an open door here.
A wyvern zombie comes into view.
You make a move on Xom's chessboard...
The wyvern zombie flickers and vanishes!
Deactivating autopickup; reactivate with Ctrl-A.
You can't see anything.
Try to make a move anyway?
You make a move on Xom's chessboard...
Nothing appears to happen.
You can't see anything.
Try to make a move anyway?
You make a move on Xom's chessboard...
Nothing appears to happen.
Something bites you!
You take 12 damage, and have 16/28 hp.
MASSIVE DAMAGE!!
You hit something. You claw something. You peck something. Something bites you.
You take 5 damage, and have 11/28 hp.
You sock something! You claw something! Something bites you.
Something bites you!
You die...

#..# ... ..# ... #.#
##+# #.# #...## #{#
.....## #####@#####
......## ##.#.......#
.......####....#.###.#
.......'.........#
.......###...........
......## #.#.########
....<## #.### #...##
#.# ##.. #.#


There were no monsters in sight!

Vanquished Creatures
  2 adders (D:2)
  A worm (D:2)
  4 dart slugs
  4 ball pythons
  4 endoplasms
  3 giant cockroaches
  3 goblins (D:1)
  8 hobgoblins
  4 jackals (D:1)
  A quokka (D:1)
  5 bats
  A frilled lizard (D:2)
  4 kobolds
  5 rats
49 creatures vanquished.

Vanquished Creatures (others)
  2 fungi (D:2)
2 creatures vanquished.

Grand Total: 51 creatures vanquished

Notes
Turn   | Place    | Note
-------+----------+-------------------------------------------
     0 | D:1      | gimp the Tengu Wanderer began the quest for the Orb.
     0 | D:1      | gimp set off with the following items: a +2 mace, a scroll
                  | of teleportation, a piece from Xom's chessboard (15/15), a
                  | +0 leather armour
     0 | D:1      | Reached XP level 1. HP: 12/12 MP: 2/2
   212 | D:1      | Reached XP level 2. HP: 14/17 MP: 3/3
   466 | D:1      | Reached skill level 6 in Maces & Flails
   544 | D:1      | Reached XP level 3. HP: 22/22 MP: 4/4
  1043 | D:2      | Reached XP level 4. HP: 27/27 MP: 5/5
  1301 | D:2      | Found a faded altar of an unknown god.
  1399 | D:2      | Found a runed translucent door.
  1400 | D:2      | Noticed Crazy Yiuf
  1648 | D:3      | Slain by a wyvern zombie

Illustrated notes

Levels and vault maps discovered:
D:1:      mrwooster_arrival_statue_2, layout_basic
D:2:      layout_rooms, hellmonk_ecumenical_altar_arch_garden,
          minmay_octomino_c4, uniq_crazy_yiuf_cottage
D:3:      layout_loops_corners, elyvilon_altar_5, serial_shops, shop,
          gup_sewer_entry_glass, uniq_robin, uniq_natasha

Skill      XL: |  1  2  3  4 |
---------------+-------------+-----
Maces & Flails | 6 |  6.7
Fighting       | 3 |  3.0
Throwing       | |  1.0
Dodging        | |  1.1
Evocations     | |  1.0

Action                   |  1- 3 |  4- 6 || total
-------------------------+-------+-------++-------
Melee: Mace              |    61 |    29 ||    90
       Peck              |     3 |     3 ||     6
       Kick              |    14 |     6 ||    20
Evoke: Piece from Xom's  |       |     3 ||     3
  Use: Scroll            |       |     2 ||     2
 Stab: Sleeping          |     1 |     2 ||     3
Armor: Leather armour    |    19 |    17 ||    36
Dodge: Dodged            |    27 |    11 ||    38

Table legend: (Time is in decaauts)
 A = Elapsed time spent in this place.
 B = Non-inter-level travel time spent in this place.
 C = Inter-level travel time spent in this place.
 D = Time resting spent in this place.
 E = Time spent auto-exploring this place.
 F = Levels seen in this place.
 G = Mean time per level.
                   A        B        C        D        E       F      G
               +--------+--------+--------+--------+--------+-----+--------+
         Total |   1655 |   1601 |     54 |      4 |   1276 |   3 |  551.7 |
       Dungeon |   1655 |   1601 |     54 |      4 |   1276 |   3 |  551.7 |
               +--------+--------+--------+--------+--------+-----+--------+

Top non-repeatable levels by time:
     D:1: 878 daAuts
     D:2: 756 daAuts
     D:3: 20 daAuts
